 Dungeon Crawl Stone Soup version 0.30-a0-29-g142975f185 (webtiles) character file.

Game seed: 278996198262926199

134 frimble the Conjurer (level 4, 0/49 HPs)
             Began as a Demonspawn Air Elementalist on Aug 27, 2022.
             Slain by a gnoll
             ... wielding a +0 flail
              (7 damage)
             ... on level 3 of the Dungeon.
             The game lasted 00:02:59 (3398 turns).

frimble the Conjurer (Demonspawn Air Elementalist)  Turns: 3398, Time: 00:02:59

Health: 0/49       AC: 22    Str: 16    XL:     4   Next: 95%
Magic:  7/7        EV:  2    Int: 17    God:
Gold:   81         SH:  0    Dex: 13    Spells: 6/7 levels left

rFire   . . .      SeeInvis .    j - +0 short sword
rCold   . . .      Faith    .    (no shield)
rNeg    . . .      Spirit   .    (body armour currently unavailable)
rPois   +          Reflect  .    (helmet currently unavailable)
rElec   .          Harm     .    (cloak currently unavailable)
rCorr   .          Rampage  .    (gloves currently unavailable)
Will    .....      NoTele   +    (boots currently unavailable)
Stlth   ++........               (no amulet)
HPRegen 0.16/turn                c - +6 ring of strength
MPRegen 0.10/turn                (no ring)

@: tree-form
A: stationary, stasis, torment immunity, boosted hp, (spiny 1)
a: no special abilities


You were on level 3 of the Dungeon.
You were a tree.
You visited 1 branch of the dungeon, and saw 3 of its levels.

You collected 81 gold pieces.

Inventory:

Hand Weapons
 j - a +0 short sword (weapon)
Armour
 a - a +0 robe (melded)
 n - a +0 helmet (melded)
Jewellery
 c - a +6 ring of strength (left branch)
 d - a ring of flight
 p - a ring of wizardry
Scrolls
 e - a scroll of fear {unknown}
 g - 5 scrolls of magic mapping
 l - a scroll of teleportation
Potions
 b - a potion of magic
 h - a potion of ambrosia {unknown}
 i - a potion of heal wounds {unknown}
 k - 3 potions of mutation {unknown}
 m - 2 potions of invisibility {unknown}
 o - a potion of curing {unknown}
 q - a potion of haste


   Skills:
 - Level 2.2 Fighting
 - Level 2.0 Dodging
 - Level 2.0 Stealth
 - Level 2.1 Spellcasting
 + Level 3.4 Conjurations
 - Level 2.8 Air Magic


You had 6 spell levels left.
You knew the following spells:

 Your Spells              Type           Power      Damage    Failure   Level
a - Shock                 Conj/Air       48%        1d6       5%          1

Your spell library contained the following spells:

 Spells                   Type           Power      Damage    Failure   Level
 Magic Dart               Conj           52%        1d5       4%          1
 Searing Ray              Conj           26%        2d5       7%          2
 Static Discharge         Conj/Air       24%        3-5/arc   8%          2
 Swiftness                Air            11%        N/A       17%         3
 Airstrike                Air            5%         2d(1-17)  50%         4
 Fulminant Prism          Conj/Hex       3%         3d6       67%         4


Dungeon Overview and Level Annotations

Branches:
Dungeon (3/15)

Altars:


Innate Abilities, Weirdness & Mutations

You are a tree.
Your roots penetrate the ground, keeping you stationary.
You cannot be teleported.
You are immune to unholy pain and torment.
Your maximum health is greatly increased.
Your equipment is partially melded.
((You are partially covered in sharp spines.))


Message History

The frilled lizard moves out of view.
There is an open door here.
A gnoll comes into view.
It is wielding a +0 flail. 2 gnolls come into view.
A gnoll comes into view. It is wielding a +0 spear.
You barely miss the frilled lizard.
The frilled lizard is struck by your spines.
You kill the frilled lizard!
There is an open door here.
There is a stone staircase leading up here.
You hit the gnoll.
The gnoll is lightly wounded.
The gnoll hits you with a +0 flail.
You completely miss the gnoll.
The gnoll is lightly wounded.
The gnoll is struck by your spines. The gnoll barely misses you.
You hit the gnoll but do no damage.
The gnoll is moderately wounded.
The gnoll hits you with a +0 flail!
You closely miss the gnoll.
The gnoll is moderately wounded.
The gnoll hits you with a +0 flail!
You barely miss the gnoll.
The gnoll is moderately wounded.
The gnoll hits you with a +0 flail.
* * * LOW HITPOINT WARNING * * *
It was a potion of lignification.
You turn into a tree.
Your +0 helmet melds into your body.
Your +0 robe melds into your body.
Your roots penetrate the ground.
The gnoll hits you but does no damage.
You hit the gnoll.
The gnoll is heavily wounded.
The gnoll hits you with a +0 flail.
* * * LOW HITPOINT WARNING * * *
You barely miss the gnoll.
The gnoll is heavily wounded.
The gnoll hits you but does no damage.
You hit the gnoll.
The gnoll is heavily wounded.
The gnoll hits you with a +0 flail!
You die...

# ##### g...#
###.# # #g# #
#.# # #g#### .
#....###########
.
####.#.......g♣#
.# #g#.#########
.# #.#.# .#
#.#g# #...#
#####


You could see a gnoll.

Vanquished Creatures
  Robin (D:2)
  A gnoll (D:1)
  4 adders (D:2)
  A worm (D:2)
  4 dart slugs
  4 ball pythons
  5 endoplasms
  A giant cockroach (D:1)
  10 goblins
  7 hobgoblins
  4 jackals (D:1)
  9 kobolds
  3 quokkas (D:1)
  2 bats (D:2)
  5 frilled lizards
  4 rats
65 creatures vanquished.

Vanquished Creatures (others)
  2 fungi (D:2)
  6 plants (D:2)
8 creatures vanquished.

Grand Total: 73 creatures vanquished

Notes
Turn   | Place    | Note
-------+----------+-------------------------------------------
     0 | D:1      | frimble the Demonspawn Air Elementalist began the quest for
                  | the Orb.
     0 | D:1      | Reached XP level 1. HP: 13/13 MP: 3/3
   299 | D:1      | Gained mutation: You are partially covered in sharp spines.
                  | [demonic ancestry]
   299 | D:1      | Reached XP level 2. HP: 11/19 MP: 1/5
   860 | D:1      | Reached skill level 1 in Fighting
   878 | D:1      | HP: 1/21 [dart slug (2)]
  1219 | D:1      | Reached XP level 3. HP: 26/26 MP: 6/6
  2156 | D:2      | Reached skill level 2 in Conjurations
  2156 | D:2      | Reached XP level 4. HP: 31/33 MP: 7/7
  2274 | D:2      | Noticed Robin
  2282 | D:2      | HP: 1/33 [Robin/goblin (2)]
  2854 | D:2      | Reached skill level 3 in Conjurations
  2883 | D:2      | Found a faded altar of an unknown god.
  2891 | D:2      | Killed Robin
  3398 | D:3      | Slain by a gnoll

Illustrated notes

Levels and vault maps discovered:
D:1:      evilmike_arrival_rings, layout_basic
D:2:      layout_loops_ring, shapermc_ecumenical_altar_mp_ritualfount,
          uniq_robin
D:3:      layout_basic, serial_shops, nicolae_shop_hallway_plus

Skill      XL: |  1  2  3  4 |
---------------+-------------+-----
Stealth        | 2 |  2.0
Dodging        | 2 |  2.0
Fighting       | 1 2 |  2.2
Conjurations   | 2 3 |  3.4
Spellcasting   | |  2.1
Air Magic      | |  2.8

Action                   |  1- 3 |  4- 6 || total
-------------------------+-------+-------++-------
Melee: Unarmed           |    67 |       ||    67
       Short sword       |     6 |    67 ||    73
       Punch             |     1 |     1 ||     2
 Cast: Shock             |    27 |     1 ||    28
  Use: Scroll            |     3 |     1 ||     4
       Potion            |       |     3 ||     3
 Stab: Sleeping          |     2 |     2 ||     4
Armor: Robe              |     7 |    10 ||    17
       Skin              |       |     2 ||     2
Dodge: Dodged            |    41 |    35 ||    76

Table legend: (Time is in decaauts)
 A = Elapsed time spent in this place.
 B = Non-inter-level travel time spent in this place.
 C = Inter-level travel time spent in this place.
 D = Time resting spent in this place.
 E = Time spent auto-exploring this place.
 F = Levels seen in this place.
 G = Mean time per level.
                   A        B        C        D        E       F      G
               +--------+--------+--------+--------+--------+-----+--------+
         Total |   3385 |   3294 |     91 |      0 |   2828 |   3 | 1128.3 |
       Dungeon |   3385 |   3294 |     91 |      0 |   2828 |   3 | 1128.3 |
               +--------+--------+--------+--------+--------+-----+--------+

Top non-repeatable levels by time:
     D:1: 2171 daAuts
     D:2: 1142 daAuts
     D:3: 71 daAuts
